 Dungeon Crawl Stone Soup version 0.28-a0-622-gbaef9634d7 (webtiles) character file.

Game seed: 18118039379831800757

415 tilp the Conjurer (level 6, 26/26 HPs)
             Began as a Felid Hedge Wizard on Oct 7, 2021.
             Quit the game on level 5 of the Dungeon.
             The game lasted 00:10:28 (10024 turns).

tilp the Conjurer (Felid Hedge Wizard)             Turns: 10024, Time: 00:10:28

Health: 26/26      AC:  2    Str:  6    XL:     6   Next: 60%
Magic:  12/12      EV: 18    Int: 17    God:
Gold:   158        SH:  0    Dex: 16    Spells: 4/11 levels left
                                        Lives:  1   Deaths: 1

rFire   . . .      SeeInvis +     - Unarmed
rCold   . . .      Faith    .   (shield unavailable)
rNeg    . . .      Spirit   .   (armour unavailable)
rPois   .          Reflect  .   (helmet unavailable)
rElec   .          Harm     .   (cloak unavailable)
rCorr   .          Rampage  .   (gloves unavailable)
Will    .....                   (boots unavailable)
Stlth   +++.......              (no amulet)
HPRegen 0.08/turn               (no ring)
MPRegen 0.13/turn               (no ring)

@: quick
A: very small, claws 1, fangs 3, see invisible, speed 1, shaggy fur 2, stealthy
paws, no weapons or thrown items, no armour, multi-lived
a: no special abilities


You were on level 5 of the Dungeon.
You visited 1 branch of the dungeon, and saw 5 of its levels.

You collected 158 gold pieces.

Inventory:

Wands
 i - a wand of acid (6)
Scrolls
 c - 3 scrolls of teleportation
 h - a scroll of vulnerability {unknown}
 j - a scroll of silence {unknown}
 k - a scroll of torment {unknown}
Potions
 a - 2 potions of lignification {unknown}
 b - 2 potions of attraction {unknown}
 d - a potion of haste
 e - 3 potions of flight
 f - 2 potions of degeneration {unknown}
 g - a potion of curing {unknown}


   Skills:
 - Level 2.0 Fighting
 - Level 4.0 Dodging
 - Level 4.0 Stealth
 - Level 4.0 Unarmed Combat
 + Level 3.4 Spellcasting
 + Level 4.3 Conjurations
 + Level 2.2 Hexes
 + Level 1.9 Summonings
 + Level 3.0 Translocations
 + Level 1.6 Evocations


You had 4 spell levels left.
You knew the following spells:

 Your Spells              Type           Power      Damage    Failure   Level
a - Magic Dart            Conj           68%        1d6       3%          1
b - Call Imp              Summ           9%         N/A       12%         2
c - Blink                 Tloc           N/A        N/A       7%          2
d - Slow                  Hex            10%        N/A       10%         2

Your spell library contained the following spells:

 Spells                   Type           Power      Damage    Failure   Level
 Conjure Flame            Conj/Fire      10%        6-21      21%         3
 Mephitic Cloud           Conj/Pois/Air  7%         N/A       28%         3


Dungeon Overview and Level Annotations

Branches:
Dungeon (5/15)
 Temple: D:4-7

Altars:
Qazlal

Shops:
D:1 [

Annotations:
D:3 exclusions: endoplasm, goblin, iguana and orc priest
D:5 exclusion: black bear


Innate Abilities, Weirdness & Mutations

You have sharp claws.
You have razor-sharp teeth.
You have supernaturally acute eyesight. (SInv)
You cover ground quickly. (Speed+)
You are covered in thick fur. (AC +2)
Your paws help you pounce on unaware monsters.
You are incapable of wielding weapons or throwing items.
You cannot wear armour.
You gain extra lives every three experience levels.


Message History

Your crimson imp blinks!
Aiming: Corrosive Bolt
Press: ? - help, Shift-Dir - straight line, f/p - wyvern skeleton
Aim: a wyvern skeleton (almost destroyed, 98% to hit)
The bolt of acid hits the wyvern skeleton!
The acid corrodes the wyvern skeleton!
You destroy the wyvern skeleton!
Your Translocations skill increases to level 3!
You start resting.
Your crimson imp disappears in a puff of smoke!
Magic restored.
You start resting.
HP restored.
You start waiting.
Done waiting.
Found 13 sling bullets.
A centaur comes into view.
The centaur shouts!
You hear a bark!
You hear a shout!
The centaur wields a +0 shortbow.
The centaur shoots an arrow.
The arrow hits you!
You start resting.
A centaur is nearby!
Casting: Magic Dart (safe; 3% risk of failure)
Confirm with . or Enter, or press ? or * to list all spells.
A beastly little devil appears in a puff of frigid air.
The centaur shoots an arrow.
The arrow hits you!
* * * LOW HITPOINT WARNING * * *
Casting: Call Imp (safe; 12% risk of failure)
Confirm with . or Enter, or press ? or * to list all spells.
Aiming: Magic Dart (safe; 3% risk of failure)
Press: ? - help, Shift-Dir - straight line, f - centaur
Aim: a centaur, wielding a +0 shortbow and quivering arrows (ally target, 100% to hit)
The magic dart hits the centaur but does no damage.
The centaur shoots an arrow.
The arrow hits you!
You die...
The centaur shoots an arrow.
The arrow closely misses you.
You are now level 6!
You rejoin the land of the living...
Unknown command.
Are you sure you want to abandon this character and quit the game? (Confirm with "yes".)

#..# ###. ....# ##.## ##
.....# #..# ......#
##.## ....... #..#
#.≈............[####.##
#................##..#
.................##.##
................@...#
..#.................# #
..#................##
#.#####
..#...........##...#
####......
...........###
###.#####.######..
....###.##..# #>.#.....#
##..# ....# ####..##
###........###...# ...##
##..###...........##..##
...#
#....)...........#..##


There were no monsters in sight!

Vanquished Creatures
  2 scorpions
  A water moccasin zombie (D:5)
  A wyvern skeleton (D:5)
  A scorpion zombie (D:5)
  2 orc wizards
  2 hound skeletons (D:4)
  10 adders
  2 gnolls (D:4)
  A worm (D:3)
  3 dart slugs
  17 orcs
  16 ball pythons
  2 bats
  11 endoplasms
  2 giant cockroaches
  10 goblins
  7 hobgoblins
  7 kobolds
  5 quokkas
  3 frilled lizards
  3 rats
108 creatures vanquished.

Vanquished Creatures (collateral kills)
  3 scorpions
  A hound (D:5)
  An orc priest (D:4)
  A gnoll (D:4)
  An orc (D:3)
7 creatures vanquished.

Vanquished Creatures (others)
  3 demonic plants (D:1)
  4 fungi (D:1)
  3 plants (D:1)
  A withered plant (D:1)
11 creatures vanquished.

Grand Total: 126 creatures vanquished

Notes
Turn   | Place    | Note
-------+----------+-------------------------------------------
     0 | D:1      | tilp the Felid Hedge Wizard began the quest for the Orb.
     0 | D:1      | Reached XP level 1. HP: 7/7 MP: 5/5
     5 | D:1      | Reached skill level 1 in Conjurations
   151 | D:1      | Found Buythiol's Armour Shoppe.
   273 | D:1      | Reached XP level 2. HP: 11/11 MP: 1/7
   805 | D:1      | You fall into a shaft and drop 1 floor!
  1324 | D:1      | Reached XP level 3. HP: 14/14 MP: 3/8
  1388 | D:1      | Found a faded altar of an unknown god.
  2070 | D:2      | Learned a level 2 spell: Call Imp
  2073 | D:2      | Learned a level 2 spell: Blink
  2076 | D:2      | Learned a level 2 spell: Slow
  3377 | D:3      | Reached XP level 4. HP: 18/18 MP: 0/9
  5303 | D:4      | Reached skill level 1 in Unarmed Combat
  5368 | D:4      | Noticed a scorpion
  5375 | D:4      | Killed a scorpion
  5376 | D:4      | Reached skill level 1 in Fighting
  5376 | D:4      | Reached XP level 5. HP: 13/22 MP: 1/10
  6018 | D:4      | Gained mutation: You are covered in thick fur. (AC +2)
                  | [Felid growth]
  6018 | D:4      | Reached XP level 6. HP: 26/26 MP: 0/11
  8495 | D:5      | Entered Level 5 of the Dungeon
  8501 | D:5      | Found a stormy altar of Qazlal.
  8582 | D:5      | Reached XP level 7. HP: 25/30 MP: 1/12
  8717 | D:5      | Reached skill level 1 in Hexes
  9202 | D:5      | Reached skill level 1 in Evocations
 10023 | D:5      | Shot with an arrow by a centaur
 10024 | D:5      | Reached XP level 6. HP: -1/26 MP: 10/12
 10024 | D:5      | Quit the game

Illustrated notes

Levels and vault maps discovered:
D:1:      dpeg_arrival_orchard, layout_loops_ring, shapermc_ecumenical_altar_gd,
          serial_shops, shop, serial_park_tiny_2, minmay_cupped
D:2:      layout_basic, kennysheep_donut
D:3:      layout_basic
D:4:      layout_cave_pools, minmay_snake_closets
D:5:      layout_cave_pods, grunt_qazlal_clouds,
          lemuel_mausoleum_altar_yredelemnul, temple_statues,
          serial_column_ruins, column_ruins_hut, column_ruins_hut,
          column_ruins_open_small, column_ruins_open_tiny,
          column_ruins_open_tiny, column_ruins_columns_water, uniq_sigmund

Skill      XL: |  1  2  3  4  5  6  7 |
---------------+----------------------+-----
Conjurations   | 1 2 3 4 |  4.3
Unarmed Combat | 2 4 |  4.0
Fighting       | 1 2 |  2.0
Dodging        | 3 4 |  4.0
Stealth        | 3 4 |  4.0
Hexes          | 2 |  2.2
Translocations | 3 |  3.0
Evocations     | 1 |  1.6
Spellcasting   | |  3.4
Summonings     | |  1.9

Action                   |  1- 3 |  4- 6 |  7- 9 || total
-------------------------+-------+-------+-------++-------
Melee: Unarmed           |    10 |    15 |     9 ||    34
       Bite              |     2 |       |     3 ||     5
 Cast: Magic Dart        |   127 |   235 |    59 ||   421
       Call Imp          |       |    11 |     9 ||    20
Evoke: Wand              |       |       |     1 ||     1
  Use: Scroll            |     3 |     3 |       ||     6
 Stab: Sleeping          |       |     1 |       ||     1
Armor: Skin              |       |     8 |     4 ||    12
Dodge: Dodged            |    19 |    69 |    36 ||   124

Table legend: (Time is in decaauts)
 A = Elapsed time spent in this place.
 B = Non-inter-level travel time spent in this place.
 C = Inter-level travel time spent in this place.
 D = Time resting spent in this place.
 E = Time spent auto-exploring this place.
 F = Levels seen in this place.
 G = Mean time per level.
                   A        B        C        D        E       F      G
               +--------+--------+--------+--------+--------+-----+--------+
         Total |   9327 |   9024 |    303 |   3952 |   4023 |   5 | 1865.4 |
       Dungeon |   9327 |   9024 |    303 |   3952 |   4023 |   5 | 1865.4 |
               +--------+--------+--------+--------+--------+-----+--------+

Top non-repeatable levels by time:
     D:3: 3485 daAuts
     D:4: 1694 daAuts
     D:1: 1494 daAuts
     D:5: 1453 daAuts
     D:2: 1200 daAuts
